Map: Ice and Chrome LE

Players

HeroMarine

  • Race: Terran Terran
  • League: Master
  • Spawn Location: 7:00

Reynor - Winner!

  • Race: Zerg Zerg
  • Spawn Location: 1:00

Event: DreamHack SC2 Masters 2020 Summer Europe

VOD

Have the link to the VOD?

Description

Time

  • Played on: July 11, 2020, 1:19 p.m.
  • Length: 11:57

All games in this series

Show
View Real Time Build Order
Export as new Build Order

HeroMarine Terran 

Build Orders: Gas First Reaper Expand, Hellion Opening, Mech 

Get SALT Encoding   

  12  0:00  SCV  
  13  0:12  SCV  
  14  0:16  Supply Depot  
  14  0:24  SCV  
  15  0:30  Refinery  
  15  0:38  SCV  
  16  0:43  Barracks  
  16  0:50  SCV  
  17  1:02  SCV  
  18  1:14  SCV  
  19  1:30  Orbital Command, Reaper  
  20  1:41  Command Center  
  20  1:52  Factory  
  20  1:55  SCV  
  21  2:05  Supply Depot  
  21  2:07  Barracks Reactor  
  21  2:10  SCV  
  21  2:15  Refinery  
  22  2:22  SCV  
  23  2:34  SCV  
  24  2:43  Starport  
  24  2:46  SCV  
  24  2:49  Hellion x2  
  24  2:50  Marine  
  30  2:55  Orbital Command  
  30  2:59  SCV  
  31  3:11  Hellion x2, SCV  
  36  3:21  SCV  
  36  3:23  Fusion Core  
  36  3:24  SCV  
  38  3:31  Supply Depot  
  38  3:34  Hellion  
  38  3:35  Hellion  
  38  3:39  SCV x2  
  44  3:41  Starport Tech Lab  
  44  3:51  SCV x2  
  46  4:03  SCV  
  46  4:04  SCV  
  45  4:14  Battlecruiser  
  45  4:15  SCV  
  45  4:16  SCV  
  47  4:23  Command Center  
  47  4:28  SCV x2  
  49  4:34  Supply Depot  
  49  4:35  Hellion  
  49  4:36  Hellion  
  53  4:40  SCV  
  53  4:41  Supply Depot  
  53  4:45  Refinery x2  
  54  4:55  SCV x2  
  54  4:59  Hellion x2  
  60  5:07  SCV x2  
  60  5:11  Supply Depot  
  62  5:18  Battlecruiser  
  62  5:19  SCV x2  
  70  5:31  Factory  
  70  5:32  SCV x2  
  70  5:33  Factory, Hellion x2  
  76  5:43  Supply Depot  
  76  5:44  SCV x2  
  76  5:48  Armory  
  78  5:56  SCV  
  78  5:57  SCV  
  80  5:59  Hellion x2  
  80  6:03  Orbital Command  
  84  6:05  Supply Depot  
  84  6:09  SCV x2  
  84  6:10  Armory  
  86  6:16  Refinery  
  86  6:18  Refinery  
  86  6:19  Factory Tech Lab  
  86  6:21  SCV x2, Factory Tech Lab  
  86  6:30  SCV  
  87  6:33  Supply Depot, SCV x2  
  89  6:40  Siege Tank  
  89  6:41  Siege Tank  
  89  6:42  Terran Vehicle Weapons Level 1, SCV  
  89  6:45  SCV  
  89  6:46  SCV  
  98  6:48  Engineering Bay  
  98  6:49  Widow Mine x2  
  98  6:50  Infernal Pre-Igniter  
  98  6:51  Mag-Field Accelerator  
  102  6:54  SCV  
  102  6:57  Supply Depot  
  102  6:58  Supply Depot, SCV x2  
  103  7:06  SCV  
  104  7:10  SCV x2  
  104  7:11  Hellion  
  104  7:12  Hellion  
  104  7:13  Siege Tank x2, Weapon Refit  
  116  7:17  Missile Turret  
  116  7:18  SCV  
  116  7:20  Missile Turret  
  116  7:22  SCV x2  
  119  7:33  Terran Vehicle And Ship Armor Level 1  
  119  7:35  Hellion x2  
  119  7:36  Factory  
  123  7:38  Factory  
  123  7:45  Siege Tank x2, Missile Turret x2  
  123  7:48  Missile Turret  
  129  7:56  Widow Mine x2  
  133  8:05  Supply Depot  
  133  8:06  Supply Depot  
  133  8:09  Command Center  
  133  8:10  Missile Turret x2  
  133  8:17  Hellion x9  
  133  8:18  Cyclone x2  
  133  8:19  Missile Turret  
  139  8:20  SCV x2  
  139  8:21  Factory Tech Lab  
  139  8:22  Factory Reactor  
  139  8:27  SCV  
  142  8:38  Hellion x2  
  146  8:41  Cyclone  
  146  8:43  Supply Depot  
  146  8:44  Terran Vehicle Weapons Level 2  
  149  8:53  Factory  
  149  8:54  Factory  
  149  9:01  Cyclone x2  
  153  9:03  Hellion  
  153  9:04  Hellion x3  
  159  9:10  Supply Depot x2  
  159  9:13  Cyclone  
  154  9:29  Command Center  
  154  9:33  Cyclone x2  
  152  9:40  Hellion x6  
  152  9:45  Cyclone, SCV x3  
  151  9:48  Factory Reactor, Factory Tech Lab  
  151  9:49  Factory  
  151  9:58  SCV  
  151  9:59  SCV x2  
  154  10:06  Refinery  
  154  10:08  Sensor Tower, Cyclone x3, Missile Turret  
  154  10:09  Refinery, Missile Turret  
  163  10:14  Sensor Tower  
  155  10:23  Cyclone  
  155  10:26  Hellion x2  
  153  10:28  Planetary Fortress, Hellion  
  153  10:35  Cyclone  
  147  10:36  Hellion x2, SCV x2  
  147  10:37  SCV  
  147  10:40  Cyclone  
  151  10:48  SCV  
  151  10:49  Cyclone x2, SCV x2  
  152  10:54  Hellion x2, Missile Turret  
  156  10:58  Cyclone  
  156  11:01  SCV x3  
  162  11:07  SCV  
  163  11:12  Cyclone x2  
  164  11:21  Cyclone  
  164  11:22  Cyclone  
  148  11:36  Hellion x2  
  144  11:49  Command Center  
Show
View Real Time Build Order
Export as new Build Order

Reynor Zerg - Winner!

Build Orders: Hatch First 

Get SALT Encoding   

  12  0:00  Drone  
  13  0:12  Overlord  
  13  0:16  Drone  
  14  0:30  Drone x2  
  16  0:48  Hatchery  
  15  0:51  Drone  
  15  0:56  Drone  
  17  0:59  Drone  
  18  1:10  Extractor  
  17  1:14  Spawning Pool  
  17  1:17  Drone  
  17  1:20  Drone  
  18  1:27  Drone  
  19  1:38  Drone  
  20  1:49  Drone  
  21  2:01  Queen x2, Zergling x4  
  27  2:11  Overlord  
  27  2:19  Hatchery  
  27  2:21  Drone  
  27  2:25  Drone  
  28  2:30  Drone  
  28  2:32  Drone x2  
  31  2:39  Spore Crawler  
  31  2:43  Drone x2  
  31  2:45  Metabolic Boost  
  31  2:51  Queen  
  32  2:55  Overlord  
  32  2:58  Drone  
  35  3:12  Overlord  
  35  3:13  Drone x2  
  35  3:14  Drone x2  
  35  3:18  Drone x2  
  41  3:22  Queen  
  43  3:30  Drone x2, Queen  
  43  3:32  Drone  
  48  3:38  Zergling x2  
  48  3:40  Zergling x6  
  52  3:42  Zergling x2  
  52  3:46  Drone  
  54  3:51  Zergling x2  
  54  3:54  Drone  
  56  3:59  Overlord, Zergling x2  
  56  4:02  Drone  
  57  4:04  Drone  
  57  4:07  Drone  
  55  4:11  Drone  
  55  4:14  Drone x2  
  55  4:20  Drone  
  55  4:22  Queen  
  55  4:24  Drone  
  59  4:26  Drone  
  59  4:28  Lair  
  59  4:29  Roach Warren  
  59  4:31  Queen  
  59  4:32  Drone  
  59  4:34  Drone  
  59  4:36  Overlord  
  63  4:42  Drone, Extractor  
  63  4:44  Drone x3, Extractor  
  63  4:45  Drone  
  66  4:49  Overlord, Spore Crawler  
  65  4:55  Drone x2, Spore Crawler  
  66  5:01  Overlord  
  66  5:04  Spore Crawler  
  66  5:05  Drone  
  66  5:07  Drone  
  66  5:09  Roach x3  
  66  5:13  Drone  
  74  5:16  Evolution Chamber  
  74  5:17  Drone  
  73  5:22  Drone x5  
  73  5:24  Drone  
  73  5:25  Drone  
  73  5:27  Glial Reconstitution  
  80  5:33  Drone x2  
  81  5:37  Overlord  
  81  5:42  Overlord  
  81  5:46  Overlord  
  81  5:49  Spire  
  80  5:50  Drone  
  80  5:52  Zerg Missile Weapons Level 1  
  80  5:54  Extractor x2  
  80  5:56  Drone x2  
  81  5:58  Extractor  
  81  6:02  Roach x2  
  81  6:03  Drone x3  
  87  6:04  Drone  
  87  6:07  Drone x2  
  87  6:10  Overlord  
  90  6:17  Drone x3  
  93  6:24  Drone x2  
  95  6:28  Overlord  
  95  6:36  Hatchery  
  94  6:40  Overlord  
  94  6:42  Drone  
  95  7:01  Corruptor x8  
  95  7:06  Drone x4  
  95  7:07  Drone x3  
  118  7:09  Corruptor  
  118  7:11  Overlord  
  118  7:12  Overlord  
  118  7:14  Overlord  
  120  7:31  Overlord, Corruptor x2  
  120  7:33  Roach  
  120  7:35  Drone x2  
  120  7:36  Drone x2  
  134  7:41  Drone x3  
  133  7:44  Drone x2  
  133  7:45  Drone x2  
  133  7:48  Zerg Missile Weapons Level 2  
  139  7:51  Roach x3  
  139  7:56  Roach x5  
  153  7:59  Extractor  
  153  8:03  Overlord  
  153  8:04  Zerg Flyer Weapons Level 1  
  152  8:07  Roach  
  152  8:08  Hatchery, Roach  
  152  8:11  Roach x2  
  159  8:15  Overlord  
  159  8:26  Roach x4  
  167  8:29  Overlord x2  
  167  8:36  Roach x4  
  167  8:37  Overlord  
  175  8:46  Overlord x2  
  175  8:47  Overlord  
  175  8:48  Ravager  
  175  8:49  Ravager x7  
  175  8:50  Drone x4  
  175  8:51  Roach x2  
  175  8:53  Extractor  
  190  8:56  Roach x3  
  190  8:57  Roach  
  198  9:08  Overlord  
  194  9:17  Ravager  
  194  9:18  Ravager x2  
  194  9:24  Roach x2  
  198  9:25  Zergling x2  
  198  9:28  Extractor  
  198  9:30  Extractor  
  184  9:40  Roach  
  184  9:41  Roach x10  
  185  9:46  Roach x3, Zergling x10  
  185  9:49  Spine Crawler  
  185  9:50  Spine Crawler  
  185  9:51  Ravager x2, Spine Crawler  
  195  9:54  Spore Crawler  
  195  9:56  Hatchery, Ravager x4  
  195  9:57  Ravager x2  
  199  10:01  Infestation Pit  
  199  10:07  Ravager  
  199  10:14  Spine Crawler  
  184  10:23  Roach  
  184  10:24  Roach x7  
  184  10:25  Roach x2  
  184  10:26  Roach  
  194  10:32  Roach x2  
  191  10:36  Roach x4  
  191  10:41  Roach x4  
  199  10:48  Roach x3  
  193  10:57  Ravager x3  
  193  10:58  Ravager  
  193  10:59  Roach  
  199  11:06  Roach x2  
  199  11:07  Roach  
  199  11:09  Evolution Chamber  
  199  11:11  Roach x3  
  191  11:26  Roach  
  191  11:27  Roach x9  
  191  11:30  Roach x3  
  197  11:36  Baneling Nest  
  175  11:45  Drone  
  195  11:54  Ravager x2  
  195  11:55  Ravager x2  
Tags
 
Add a new tag
Caveats
  • Supply blocks, unpowered buildings, or Contaminate may cause inaccurate times.
  • Supply counts are checked every 10 seconds.